 Dungeon Crawl Stone Soup version 0.29.1-15-g9cfb28693d (webtiles) character file.

Game seed: 4476826628034667869

1442 croobank the Firebug (level 8, -6/58 HPs)
             Began as a Demonspawn Fire Elementalist on Apr 20, 2023.
             Was an Initiate of Hepliaklqana.
             Mangled by a human
             ... wielding a +0 war axe
              (12 damage)
             ... in a bailey.
             The game lasted 00:20:13 (7465 turns).

croobank the Firebug (Demonspawn Fire Elementalist) Turns: 7465, Time: 00:20:14

Health: -6/58      AC:  4    Str:  9    XL:     8   Next: 46%
Magic:  3/13       EV: 14    Int: 15    God:    Hepliaklqana [......]
Gold:   249        SH:  0    Dex: 18    Spells: 4/14 levels left

rFire   . . .      SeeInvis .   s - +6 mace "Liskilo" {vorpal, rPois rN+ rCorr Int-3}
rCold   . . .      Faith    .   c - orb {guile}
rNeg    + . .      Spirit   .   A - +2 robe {Will+}
rPois   +          Reflect  .   (no helmet)
rElec   .          Harm     .   (no cloak)
rCorr   +          Rampage  .   (no gloves)
Will    .....                   (no boots)
Stlth   +++++.....              (no amulet)
HPRegen 0.19/turn               (no ring)
MPRegen 0.13/turn               (no ring)

@: no status effects
A: thin skeletal structure 2, foul stench 2, demonic touch 2
a: Renounce Religion


You were in a bailey.
You worshipped Hepliaklqana.
Hepliaklqana was noncommittal.
You visited 1 branch of the dungeon, and saw 6 of its levels.
You also visited: Bailey.

You collected 249 gold pieces.

Inventory:

Hand Weapons
 g - a +3 dagger
 j - a +0 short sword
 s - the +6 mace "Liskilo" (weapon) {vorpal, rPois rN+ rCorr Int-3}
   (You found it on level 4 of the Dungeon)

   It inflicts extra damage upon your enemies.
   Int:       It affects your intelligence (-3).
   rPois:     It protects you from poison.
   rN:        It protects you from negative energy.
   rCorr:     It protects you from acid and corrosion.
 x - a +0 scimitar
 C - a +0 hand axe
Missiles
 o - 3 boomerangs of dispersal
 p - 2 throwing nets
 B - 4 boomerangs
Armour
 a - a +1 tower shield of protection
 c - an orb of guile (worn)
 k - a +1 leather armour
 l - a +0 buckler
 t - a +0 kite shield
 A - a +2 robe of willpower (worn)
Magical Staves
 f - a staff of fire
Jewellery
 m - a ring of protection from fire
 n - an amulet of faith
Wands
 h - a wand of acid (11)
 u - a wand of paralysis (8)
Scrolls
 d - a scroll of vulnerability
 w - a scroll of blinking {unknown}
 y - a scroll of fear
 z - a scroll of identify
Potions
 i - a potion of lignification
 v - a potion of haste
 D - a potion of flight {unknown}


   Skills:
 + Level 3.2 Fighting
 + Level 2.8 Staves
 + Level 3.7 Dodging
 + Level 4.0 Stealth
 + Level 3.7 Spellcasting
 + Level 3.5 Conjurations
 + Level 2.1 Hexes
 + Level 4.3 Fire Magic
 * Level 4.2 Invocations


You had 4 spell levels left.
You knew the following spells:

 Your Spells              Type           Power      Damage    Failure   Level
a - Foxfire               Conj/Fire      56%        2x1d6     3%          1
b - Scorch                Fire           30%        2d6       4%          2
c - Inner Flame           Hex/Fire       12%        N/A       14%         3
d - Flame Wave            Conj/Fire      14%        2d6       36%         4

Your spell library contained the following spells:

 Spells                   Type           Power      Damage    Failure   Level
 Conjure Flame            Conj/Fire      14%        6-21      11%         3
 Ozocubu's Armour         Ice            2%         N/A       50%         3
 Metabolic Englaciation   Hex/Ice        3%         N/A       97%         5
 Simulacrum               Ice/Necr       1%         N/A       100%        6


Dungeon Overview and Level Annotations

Branches:
Dungeon (7/15)             Bailey (1/1)
 Temple: D:4-7

Altars:
Ashenzari
Cheibriados
Hepliaklqana
Sif Muna
Uskayaw

Annotations:
D:5 Pikel


Innate Abilities, Weirdness & Mutations

You have a moderately thin skeletal structure. (Dex +4, Stealth++)
You sometimes emit foul miasma when damaged in melee.
Your touch may inflict irresistible damage on your foes.


Message History

The human is heavily wounded.
You hear a croak.
You hear a loud, deep croak!
You hear a croak.
A bullfrog comes into view.
The human drinks a potion.
The human seems to speed up.
A bullfrog comes into view. x3
The bullfrog moves out of view.
Casting: Scorch (safe; 4% risk of failure)
Confirm with . or Enter, or press ? or * to list all spells.
You conjure some foxfire!
The bullfrog croaks.
You hear a croak.
You hear a loud, deep croak!
The human closely misses you. The bullfrog hits you. The human misses you.
A bullfrog comes into view.
You hit the human.
The human is severely wounded.
The foxfire hits the bullfrog.
The bullfrog is moderately wounded.
The foxfire hits the bullfrog.
The bullfrog is heavily wounded.
The bullfrog hits you. The human completely misses you.
The bullfrog closely misses you. The bullfrog barely misses you.
The human hits you with a +0 war axe!
Casting: Foxfire (safe; 3% risk of failure)
Confirm with . or Enter, or press ? or * to list all spells.
Flames lash the bullfrog.
The bullfrog is moderately wounded.
The bullfrog's fire resistance burns away.
You hear a croak. x2
The bullfrog hits you but does no damage.
The human hits you with a +0 war axe. The bullfrog closely misses you.
You hit the human.
The human is almost dead.
A bullfrog comes into view.
The human hits you with a +0 war axe!
* * * LOW HITPOINT WARNING * * *
The bullfrog closely misses you. The bullfrog hits you.
* * * LOW HITPOINT WARNING * * *
The bullfrog hits you.
* * * LOW HITPOINT WARNING * * *
The bullfrog barely misses you. The human hits you with a +0 war axe!
You die...

##..## F.~≈
#....## F.≈
##.....#
F.≈####......# ..
#..'......#
###F###..####'###
#.F...#...##~~~##
#FFp..#..)#~~~~~#
#F@####.))#~~~~~#
#....#..))#~~~~~#
##......#)#'#~~##
##....##...####
######.....#
#.∩.∩.# #..)..#
##...## #####


You could see a human (fast, combustible) and 8 bullfrogs.

Vanquished Creatures
  A human (Bailey)
  A water moccasin (D:7)
  An orc warrior (D:5)
  A black bear (D:4)
  3 ogres
  4 lemures (D:5)
  A phantom (D:4)
  2 bullfrogs (Bailey)
  A scorpion (D:4)
  3 jellies
  A hound (D:5)
  Ijyb (D:4)
  2 orc wizards
  Natasha (thrice) (D:4)
  4 gnolls
  5 adders
  3 dart slugs
  A worm (D:4)
  24 orcs
  8 ball pythons
  3 bats
  7 endoplasms
  3 giant cockroaches
  11 hobgoblins
  8 jackals
  5 quokkas
  4 frilled lizards
  6 goblins
  6 kobolds
  3 rats
  A spectral orc (D:4)
127 creatures vanquished.

Vanquished Creatures (others)
  246 foxfires
246 creatures vanquished.

Grand Total: 373 creatures vanquished

Notes
Turn   | Place    | Note
-------+----------+-------------------------------------------
     0 | D:1      | croobank the Demonspawn Fire Elementalist began the quest
                  | for the Orb.
     0 | D:1      | Reached XP level 1. HP: 13/13 MP: 3/3
   497 | D:1      | Gained mutation: Your touch may inflict minor irresistible
                  | damage on your foes. [demonic ancestry]
   497 | D:1      | Reached XP level 2. HP: 12/19 MP: 0/5
   988 | D:1      | Learned a level 2 spell: Scorch
  1532 | D:2      | Gained mutation: Your touch may inflict irresistible damage
                  | on your foes. [demonic ancestry]
  1532 | D:2      | Reached XP level 3. HP: 25/25 MP: 1/6
  1737 | D:2      | HP: 1/25 [gnoll/+0 halberd (8)]
  2204 | D:2      | Reached skill level 1 in Fighting
  2223 | D:2      | Gained mutation: You may rarely emit foul miasma when
                  | damaged in melee. [demonic ancestry]
  2223 | D:2      | Reached XP level 4. HP: 26/32 MP: 0/7
  2562 | D:3      | Learned a level 3 spell: Inner Flame
  2633 | D:3      | Found a snail-covered altar of Cheibriados.
  3417 | D:3      | Found a faded altar of an unknown god.
  3731 | D:4      | Noticed a black bear
  3734 | D:4      | Killed a black bear
  3735 | D:4      | Reached skill level 1 in Staves
  3735 | D:4      | Gained mutation: You sometimes emit foul miasma when
                  | damaged in melee. [demonic ancestry]
  3735 | D:4      | Reached XP level 5. HP: 38/38 MP: 3/8
  3927 | D:4      | Identified the +6 mace "Liskilo" {vorpal, rPois rN+ rCorr
                  | Int-3}
  3991 | D:4      | Noticed Ijyb
  3999 | D:4      | Paralysed by Ijyb for 5 turns
  4001 | D:4      | Noticed Natasha
  4005 | D:4      | Paralysed by Ijyb for 2 turns
  4006 | D:4      | Killed Ijyb
  4007 | D:4      | Reached XP level 6. HP: 10/44 MP: 7/10
  4007 | D:4      | Killed Natasha
  4340 | D:4      | Found a hide-covered altar of Uskayaw.
  4384 | D:4      | Learned a level 4 spell: Flame Wave
  4670 | D:4      | Found a shimmering blue altar of Sif Muna.
  4736 | D:4      | Noticed Natasha
  4741 | D:4      | Killed Natasha
  4838 | D:4      | Found a hazy altar of Hepliaklqana.
  4838 | D:4      | Noticed Natasha
  4840 | D:4      | Killed Natasha
  4855 | D:4      | Became a worshipper of Hepliaklqana the Forgotten
  5009 | D:4      | Reached skill level 1 in Invocations
  5009 | D:4      | Gained mutation: You have a somewhat thin skeletal
                  | structure. (Dex +2, Stealth+) [demonic ancestry]
  5009 | D:4      | Reached XP level 7. HP: 51/51 MP: 4/11
  5084 | D:4      | Found a broken altar of Ashenzari.
  5236 | D:5      | Entered Level 5 of the Dungeon
  5310 | D:4      | Reached skill level 1 in Hexes
  5519 | D:5      | Noticed Pikel
  6886 | D:5      | You fall into a shaft and drop 2 floors!
  6897 | D:7      | Gained mutation: You have a moderately thin skeletal
                  | structure. (Dex +4, Stealth++) [demonic ancestry]
  6897 | D:7      | Reached XP level 8. HP: 57/57 MP: 10/13
  7087 | D:7      | Found a flagged portal.
  7157 | Bailey   | Entered a bailey
  7465 | Bailey   | Mangled by a human

Illustrated notes

Levels and vault maps discovered:
D:1:      wander_arrival_estate, layout_loops_ring, minmay_crystal_water,
          hex_tiny, st_stairs_7
D:2:      layout_rooms
D:3:      layout_basic, kennysheep_slug_shrine, chequers_ecumenical_altar_grove
D:4:      layout_gridville, nicolae_hepliaklqana_monster_ancestors,
          kennysheep_mini_moat, nicolae_uskayaw_murder_on_the_dancefloor,
          mainiacjoe_overflow_surrounded_room, uniq_ijyb, uniq_natasha
D:5:      layout_gridville, lightli_temple_of_fire, serial_shops,
          nicolae_square_shop, uniq_pikel
D:7:      layout_cave_pools, enter_bailey_4
Bailey:   bailey_axe_froggy_fort_hellmonk, bailey

Skill      XL: |  1  2  3  4  5  6  7  8 |
---------------+-------------------------+-----
Stealth        | 2 3 4 |  4.0
Dodging        | 2 3 |  3.7
Fighting       | 1 2 3 |  3.2
Fire Magic     | 3 4 |  4.3
Staves         | 1 2 |  2.8
Conjurations   | 2 3 |  3.5
Spellcasting   | 3 |  3.7
Invocations    | 1 3 4 |  4.2
Hexes          | 1 2 |  2.1

Action                   |  1- 3 |  4- 6 |  7- 9 || total
-------------------------+-------+-------+-------++-------
Melee: Unarmed           |    11 |       |       ||    11
       Staff             |     8 |    23 |    16 ||    47
       Dagger            |       |       |     9 ||     9
       Mace              |       |       |    21 ||    21
 Cast: Foxfire           |    41 |    58 |    47 ||   146
       Scorch            |     9 |    35 |    59 ||   103
       Inner Flame       |       |     1 |     4 ||     5
Evoke: Wand              |       |       |     1 ||     1
  Use: Scroll            |     5 |     3 |     2 ||    10
       Potion            |       |     1 |     7 ||     8
 Stab: Paralysed         |       |       |     1 ||     1
Armor: Robe              |     6 |     9 |    18 ||    33
       Skin              |       |       |    17 ||    17
Dodge: Dodged            |    19 |    25 |    71 ||   115
